3AAA
AUSTIN BLACK MAMBAS @ SIOUX FALLS RED PANDAS
05/01/2042
 
TOP OF THE 1ST
Austin Black Mambas batting - Pitching for Sioux Falls Red Pandas : LHP Jordan Coffey
Pitching: LHP Jordan Coffey
Batting: RHB Kamakakoa Kaponianani 0-0: Ball
1-0: Called Strike
1-1: Ball
2-1: Foul Ball, location: 2F
2-2: Ball
3-2: Ground out 6-3 (Groundball, 6D, EV 105.6 MPH)
Batting: RHB Carlos Hernández 0-0: Ground out 5-3 (Groundball, 56, EV 101.2 MPH)
Batting: RHB Jason Portillo 0-0: Ball
1-0: Ball
2-0: Called Strike
2-1: Ball
3-1: Called Strike
3-2: Base on Balls
Batting: RHB Rick Pawlowicz 0-0: Foul Ball, location: 2F
0-1: Called Strike
0-2: Ball
1-2: Foul Ball, location: 2F
1-2: Strikes out looking
Top of the 1st over - 0 runs, 0 hits, 0 errors, 1 left on base; Austin 0 - Sioux Falls 0
BOTTOM OF THE 1ST
Sioux Falls Red Pandas batting - Pitching for Austin Black Mambas : RHP Patrick Ibáñez
Pitching: RHP Patrick Ibáñez
Batting: SHB Noel Lancaster 0-0: Ball
1-0: Ball
2-0: Called Strike
2-1: Ball
3-1: Foul Ball, location: 2F
3-2: Foul Ball, location: 2F
3-2: Strikes out swinging
Batting: LHB Carlos Rosário 0-0: Ground out 4-3 (Groundball, 4, EV 103.1 MPH)
Batting: SHB Temaki Yuka 0-0: Ground out 4-3 (Groundball, 4, EV 85.6 MPH)
Bottom of the 1st over - 0 runs, 0 hits, 0 errors, 0 left on base; Austin 0 - Sioux Falls 0
TOP OF THE 2ND
Austin Black Mambas batting - Pitching for Sioux Falls Red Pandas : LHP Jordan Coffey
Batting: RHB Doug Page 0-0: Fly out, F7 (Flyball, 7, EV 88.8 MPH)
Batting: RHB Doug Day 0-0: Called Strike
0-1: Ball
1-1: Ground out 6-3 (Groundball, 56, EV 101.2 MPH)
Batting: LHB Ramón Torres 0-0: SINGLE (Groundball, 34D, EV 105.0 MPH)
Batting: RHB Cyrillo Watson 0-0: Ball
Ramón Torres steals 2nd base
1-0: Called Strike
1-1: Foul Ball, location: 2F
1-2: Foul Ball, location: 2F
1-2: Ball
2-2: SINGLE (Groundball, 5, EV 101.2 MPH) (infield hit)
Ramón Torres to third
Batting: LHB Man-su Sin 0-0: Called Strike
0-1: Ball
1-1: Fly out, F5 (Popup, 56S, EV 88.8 MPH)
Top of the 2nd over - 0 runs, 2 hits, 0 errors, 2 left on base; Austin 0 - Sioux Falls 0
BOTTOM OF THE 2ND
Sioux Falls Red Pandas batting - Pitching for Austin Black Mambas : RHP Patrick Ibáñez
Batting: LHB Martín Pliego 0-0: SINGLE (Groundball, 6D, EV 100.6 MPH)
Batting: LHB Bharti Mona 0-0: Ball
1-0: Called Strike
1-1: SINGLE (Groundball, 34D, EV 105.0 MPH)
Martín Pliego to second
Runner from 2nd tries for 3rd, SAFE, no throw by RF
Batting: RHB Kevin Malone 0-0: Ball
1-0: Fly out, F5 (Popup, 25, EV 91.9 MPH)
Batting: RHB Jesse Winters 0-0: Swinging Strike
0-1: Swinging Strike
0-2: Strikes out swinging
Batting: LHB Puck Schit 0-0: Ball
1-0: Fly out, F8 (Flyball, 8RS, EV 94.4 MPH)
Bottom of the 2nd over - 0 runs, 2 hits, 0 errors, 2 left on base; Austin 0 - Sioux Falls 0
TOP OF THE 3RD
Austin Black Mambas batting - Pitching for Sioux Falls Red Pandas : LHP Jordan Coffey
Batting: RHB Kamakakoa Kaponianani 0-0: Ground out 5-3 (Groundball, 5, EV 86.2 MPH)
Batting: RHB Carlos Hernández 0-0: SINGLE (Groundball, 6MD, EV 97.5 MPH)
Batting: RHB Jason Portillo 0-0: Grounds into double play, 4-6-3 (Groundball, 34, EV 85.0 MPH)
Top of the 3rd over - 0 runs, 1 hit, 0 errors, 0 left on base; Austin 0 - Sioux Falls 0
BOTTOM OF THE 3RD
Sioux Falls Red Pandas batting - Pitching for Austin Black Mambas : RHP Patrick Ibáñez
Batting: RHB Nick Harper 0-0: Ball
1-0: Ball
2-0: Fly out, F7 (Flyball, 7D, EV 103.1 MPH)
Batting: SHB Noel Lancaster 0-0: SINGLE (Flyball, 78M, EV 99.4 MPH) - OUT at second base trying to stretch hit.
Batting: LHB Carlos Rosário 0-0: Ball
1-0: Ball
2-0: Ball
3-0: Base on Balls
Batting: SHB Temaki Yuka 0-0: Called Strike
0-1: Ball
1-1: Foul Ball, location: 2F
1-2: Ball
2-2: Ball
3-2: Foul Ball, location: 2F
3-2: Fly out, F6 (Popup, 15S, EV 93.1 MPH)
Bottom of the 3rd over - 0 runs, 1 hit, 0 errors, 1 left on base; Austin 0 - Sioux Falls 0
TOP OF THE 4TH
Austin Black Mambas batting - Pitching for Sioux Falls Red Pandas : LHP Jordan Coffey
Batting: RHB Rick Pawlowicz 0-0: Called Strike
0-1: Ball
1-1: Foul Ball, location: 2F
1-2: Strikes out swinging
Batting: RHB Doug Page 0-0: Ball
1-0: Called Strike
1-1: Ball
2-1: Called Strike
2-2: Strikes out swinging
Batting: RHB Doug Day 0-0: Called Strike
0-1: SINGLE (Groundball, 4D, EV 102.5 MPH)
Batting: LHB Ramón Torres 0-0: Ball
1-0: Called Strike
1-1: Swinging Strike
1-2: Foul Ball, location: 2F
1-2: Ball
2-2: Fly out, F9 (Flyball, 89M, EV 91.9 MPH)
Top of the 4th over - 0 runs, 1 hit, 0 errors, 1 left on base; Austin 0 - Sioux Falls 0
BOTTOM OF THE 4TH
Sioux Falls Red Pandas batting - Pitching for Austin Black Mambas : RHP Patrick Ibáñez
Batting: LHB Martín Pliego 0-0: Ball
1-0: Foul Ball, location: 2F
1-1: Swinging Strike
1-2: Ball
2-2: DOUBLE (Groundball, 3L, EV 95.0 MPH)
Batting: LHB Bharti Mona 0-0: Called Strike
0-1: Foul Ball, location: 2F
0-2: Ball
1-2: Foul Ball, location: 2F
1-2: Ball
2-2: Foul Ball, location: 2F
2-2: Ball
3-2: Base on Balls
Batting: RHB Kevin Malone 0-0: Called Strike
0-1: Ball
1-1: Fly out, F9 (Flyball, 9S, EV 91.9 MPH)
Batting: RHB Jesse Winters 0-0: Called Strike
0-1: Ball
1-1: Ball
2-1: Fielders Choice at 2nd, 1-6 (Groundball, 13, EV 80.0 MPH)
Martín Pliego to third
Batting: LHB Puck Schit 0-0: Called Strike
0-1: Ground out U3 (Groundball, 3, EV 90.0 MPH)
Bottom of the 4th over - 0 runs, 1 hit, 0 errors, 2 left on base; Austin 0 - Sioux Falls 0
TOP OF THE 5TH
Austin Black Mambas batting - Pitching for Sioux Falls Red Pandas : LHP Jordan Coffey
Batting: RHB Cyrillo Watson 0-0: Called Strike
0-1: Ball
1-1: Foul Ball, location: 2F
1-2: Strikes out swinging
Batting: LHB Man-su Sin 0-0: Foul Ball, location: 2F
0-1: Ball
1-1: Fly out, F9 (Flyball, 9, EV 88.1 MPH)
Batting: RHB Kamakakoa Kaponianani 0-0: Called Strike
0-1: Ground out 4-3 (Groundball, 4, EV 78.1 MPH)
Top of the 5th over - 0 runs, 0 hits, 0 errors, 0 left on base; Austin 0 - Sioux Falls 0
BOTTOM OF THE 5TH
Sioux Falls Red Pandas batting - Pitching for Austin Black Mambas : RHP Patrick Ibáñez
Batting: RHB Nick Harper 0-0: Foul Ball, location: 2F
0-1: Ball
1-1: Called Strike
1-2: Ball
2-2: Strikes out swinging
Batting: SHB Noel Lancaster 0-0: Ball
1-0: Called Strike
1-1: SINGLE (Line Drive, 7S, EV 90.6 MPH)
Batting: LHB Carlos Rosário 0-0: Ball
1-0: Called Strike
1-1: Ball
Noel Lancaster is caught stealing 2nd base 2-6
2-1: SINGLE (Groundball, 34D, EV 110.0 MPH)
Batting: SHB Temaki Yuka 0-0: Ball
1-0: Ball
2-0: Called Strike
2-1: Ball
3-1: Base on Balls
Carlos Rosário to second
Batting: LHB Martín Pliego 0-0: Called Strike
0-1: Foul Ball, location: 2F
0-2: Fly out, F9 (Line Drive, 9, EV 98.1 MPH)
Bottom of the 5th over - 0 runs, 2 hits, 0 errors, 2 left on base; Austin 0 - Sioux Falls 0
TOP OF THE 6TH
Austin Black Mambas batting - Pitching for Sioux Falls Red Pandas : LHP Jordan Coffey
Batting: RHB Carlos Hernández 0-0: Ball
1-0: Foul Ball, location: 2F
1-1: Called Strike
1-2: Strikes out swinging
Batting: RHB Jason Portillo 0-0: Called Strike
0-1: Ball
1-1: Fly out, F8 (Line Drive, 8RD, EV 105.6 MPH)
Batting: RHB Rick Pawlowicz 0-0: Called Strike
0-1: Ball
1-1: Foul Ball, location: 2F
1-2: Ball
2-2: Ground out 6-3 (Groundball, 56, EV 106.9 MPH)
Top of the 6th over - 0 runs, 0 hits, 0 errors, 0 left on base; Austin 0 - Sioux Falls 0
BOTTOM OF THE 6TH
Sioux Falls Red Pandas batting - Pitching for Austin Black Mambas : RHP Patrick Ibáñez
Batting: LHB Bharti Mona 0-0: Ball
1-0: Hit by Pitch
Batting: RHB Kevin Malone 0-0: Ball
1-0: Called Strike
1-1: Foul Ball, location: 2F
1-2: Foul Ball, location: 2F
1-2: Ball
2-2: Ball
3-2: Foul Ball, location: 2F
3-2: Ground out 5-3 (Groundball, 56, EV 95.0 MPH)
Bharti Mona to second
Batting: RHB Jesse Winters 0-0: Intentional Walk
Batting: LHB Puck Schit 0-0: Ball
1-0: Swinging Strike
1-1: Foul Ball, location: 2F
1-2: Strikes out swinging
Batting: RHB Nick Harper 0-0: Ball
1-0: Foul Ball, location: 2F
1-1: Fly out, F2 (Popup, 25F, EV 81.2 MPH)
Bottom of the 6th over - 0 runs, 0 hits, 0 errors, 2 left on base; Austin 0 - Sioux Falls 0
TOP OF THE 7TH
Austin Black Mambas batting - Pitching for Sioux Falls Red Pandas : LHP Jordan Coffey
Batting: RHB Doug Page 0-0: Ball
1-0: Called Strike
1-1: Foul Ball, location: 2F
1-2: Ball
2-2: Fly out, F9 (Flyball, 89M, EV 90.6 MPH)
Batting: RHB Doug Day 0-0: Foul Ball, location: 2F
0-1: Swinging Strike
0-2: Ground out 5-3 (Groundball, 56S, EV 67.5 MPH)
Batting: LHB Ramón Torres 0-0: Ball
1-0: Swinging Strike
1-1: Ball
2-1: Fly out, F7 (Line Drive, 7, EV 92.5 MPH)
Top of the 7th over - 0 runs, 0 hits, 0 errors, 0 left on base; Austin 0 - Sioux Falls 0
BOTTOM OF THE 7TH
Sioux Falls Red Pandas batting - Pitching for Austin Black Mambas : RHP Patrick Ibáñez
Pitching: LHP Abdul-Nasir Rabah
Batting: SHB Noel Lancaster 0-0: Foul Ball, location: 2F
0-1: Called Strike
0-2: Strikes out looking
Batting: LHB Carlos Rosário 0-0: Foul Ball, location: 2F
0-1: Ball
1-1: Foul Ball, location: 2F
1-2: Ball
2-2: Fly out, F6 (Popup, P, EV 73.8 MPH)
Batting: SHB Temaki Yuka 0-0: Foul Ball, location: 2F
0-1: Ground out 6-3 (Groundball, 6, EV 86.2 MPH)
Bottom of the 7th over - 0 runs, 0 hits, 0 errors, 0 left on base; Austin 0 - Sioux Falls 0
TOP OF THE 8TH
Austin Black Mambas batting - Pitching for Sioux Falls Red Pandas : LHP Jordan Coffey
Batting: RHB Cyrillo Watson 0-0: Ball
1-0: Ball
2-0: Called Strike
2-1: Ground out 5-3 (Groundball, 5S, EV 90.0 MPH)
Batting: LHB Man-su Sin 0-0: Foul Ball, location: 2F
0-1: Fly out, F8 (Line Drive, 8LD, EV 104.4 MPH)
Batting: RHB Kamakakoa Kaponianani 0-0: Called Strike
0-1: Called Strike
0-2: Ball
1-2: Strikes out swinging
Top of the 8th over - 0 runs, 0 hits, 0 errors, 0 left on base; Austin 0 - Sioux Falls 0
BOTTOM OF THE 8TH
Sioux Falls Red Pandas batting - Pitching for Austin Black Mambas : LHP Abdul-Nasir Rabah
Batting: LHB Martín Pliego 0-0: Ball
1-0: Foul Ball, location: 2F
1-1: Ball
2-1: Foul Ball, location: 2F
2-2: Ball
3-2: SOLO HOME RUN (Flyball, 9D, EV 90.6 MPH), Distance : 419 ft
Batting: LHB Bharti Mona 0-0: Foul Ball, location: 2F
0-1: Swinging Strike
0-2: Ball
1-2: Ball
2-2: SINGLE (Groundball, 4D, EV 103.8 MPH)
Batting: RHB Kevin Malone 0-0: Ball
1-0: Called Strike
1-1: Swinging Strike
1-2: Fly out, F9 (Flyball, 89S, EV 76.2 MPH)
Batting: RHB Jesse Winters 0-0: Ball
1-0: 2-RUN HOME RUN (Flyball, 7LD, EV 103.1 MPH), Distance : 374 ft
Pitching: RHP José Lucero
Batting: LHB Puck Schit 0-0: Called Strike
0-1: Foul Ball, location: 2F
0-2: DOUBLE (Flyball, 78D, EV 93.8 MPH)
Batting: RHB Nick Harper 0-0: Ball
1-0: Swinging Strike
1-1: SINGLE (Groundball, 6MD, EV 106.2 MPH)
Puck Schit to third
Runner from 3rd tries for Home, SAFE, throw by CF to home
Nick Harper to second
Batting: SHB Noel Lancaster 0-0: Called Strike
0-1: Foul Ball, location: 2F
0-2: Ball
1-2: Ball
2-2: Ball
3-2: Ground out 3-1 (Groundball, 34D, EV 98.1 MPH)
Nick Harper to third
Batting: LHB Carlos Rosário 0-0: Called Strike
0-1: Ground out 1-3 (Groundball, 34S, EV 71.9 MPH)
Bottom of the 8th over - 4 runs, 5 hits, 0 errors, 1 left on base; Austin 0 - Sioux Falls 4
TOP OF THE 9TH
Austin Black Mambas batting - Pitching for Sioux Falls Red Pandas : LHP Jordan Coffey
Pitching: RHP Brandon Hughes
Batting: RHB Carlos Hernández 0-0: Ball
1-0: Called Strike
1-1: DOUBLE (Line Drive, 89XD, EV 102.5 MPH)
Batting: RHB Jason Portillo 0-0: Ball
1-0: Ball
2-0: Ball
3-0: Foul Ball, location: 2F
3-1: SINGLE (Line Drive, 89S, EV 111.2 MPH)
Carlos Hernández to third
Pitching: RHP Waylon Fraser
Batting: RHB Rick Pawlowicz 0-0: Fly out, F9 (Flyball, 89D, EV 98.8 MPH)
Runner from 3rd tags up, SCORES, no throw by RF
Batting: RHB Doug Page 0-0: Swinging Strike
0-1: Foul Ball, location: 2F
0-2: Ball
1-2: Ball
2-2: Ball
3-2: Strikes out looking
Batting: RHB Doug Day 0-0: Called Strike
0-1: Swinging Strike
0-2: Ball
1-2: SINGLE (Line Drive, 6MD, EV 97.5 MPH)
Jason Portillo to second
Batting: LHB Ramón Torres 0-0: Ball
1-0: Ball
2-0: Foul Ball, location: 2F
2-1: Called Strike
2-2: Foul Ball, location: 2F
2-2: Ground out U3 (Groundball, 34, EV 106.2 MPH)
Top of the 9th over - 1 run, 3 hits, 0 errors, 2 left on base; Austin 1 - Sioux Falls 4
Friday, March 26th, 2021 - OOTP Baseball 20.8 Build 74